 Dungeon Crawl Stone Soup version 0.32-a0-43-g058985b245 (webtiles) character file.

Game seed: 14070087721553868849

8 Atlas the Firebug (level 2, -6/19 HPs)
             Began as a Demonspawn Fire Elementalist on Feb 5, 2024.
             Mangled by Terence
             ... wielding a +0 mace
              (7 damage)
             ... on level 2 of the Dungeon.
             The game lasted 00:00:47 (216 turns).

Atlas the Firebug (Demonspawn Fire Elementalist)     Turns: 216, Time: 00:00:48

Health: -6/19      AC:  3    Str:  8    XL:     2   Next: 0%
Magic:  5/5        EV: 11    Int: 15    God:
Gold:   0          SH:  0    Dex: 13    Spells: 4/5 levels left

rFire   . . .        c - +2 dagger (freeze)
rCold   . . .        (no shield)
rNeg    . . .        d - +0 leather armour
rPois   .            (helmet restricted)
rElec   .            (no cloak)
rCorr   .            (no gloves)
SInv    .            (no boots)
Will    .....        (no amulet)
Stlth   ++           (no ring)
HPRegen 0.23/turn    (no ring)
MPRegen 0.09/turn

%: no passive effects
@: no status effects
A: horns 1
a: no special abilities


You were on level 2 of the Dungeon.
You visited 1 branch of the dungeon, and saw 2 of its levels.

Inventory:

Hand Weapons
 c - a +2 dagger of freezing (weapon)
Armour
 d - a +0 leather armour (worn)
Potions
 b - a potion of magic


   Skills:
 + Level 1.7 Dodging
 + Level 1.8 Stealth
 + Level 2.0 Spellcasting
 + Level 1.0 Conjurations
 + Level 3.1 Fire Magic


You had 4 spell levels left.
You knew the following spells:

 Your Spells              Type           Power      Damage    Failure   Level
a - Foxfire               Conj/Fire      28%        2x1d5     14%         1

Your spell library contained the following spells:

 Spells                   Type           Power      Damage    Failure   Level
 Scorch                   Fire           22%        2d5       13%         2
 Inner Flame              Hex/Fire       6%         N/A       45%         3
 Volatile Blastmotes      Fire/Tloc      12%        2d11      45%         3
 Flame Wave               Conj/Fire      7%         2d5       80%         4


Dungeon Overview and Level Annotations

Branches:
Dungeon (2/15)

Altars:

Annotations:
D:2 Terence


Innate Abilities, Weirdness & Mutations

You have a pair of small horns on your head.


Message History

The hobgoblin hits you but does no damage.
There is an open door here.
The hobgoblin attacks as it pursues you!
The hobgoblin hits you.
The hobgoblin attacks as it pursues you!
The hobgoblin hits you but does no damage.
The hobgoblin attacks as it pursues you!
The hobgoblin hits you.
The hobgoblin hits you but does no damage.
Unknown command.
The hobgoblin attacks as it pursues you!
The hobgoblin hits you but does no damage.
The hobgoblin attacks as it pursues you!
The hobgoblin closely misses you.
The hobgoblin attacks as it pursues you!
The hobgoblin barely misses you.
There is a stone staircase leading down here.
The hobgoblin closely misses you.
You climb downwards.
Terence shouts!
Found 49 gold pieces and 2 puce potions.
Found a stone staircase leading up.
There is a stone staircase leading up here.
The hobgoblin hits you but does no damage.
Terence looks scornfully at you.
Found a stone staircase leading down.
The hobgoblin hits you but does no damage.
Terence hits you with a +0 mace!
The hobgoblin hits you but does no damage.
Terence hits you with a +0 mace.
* * * LOW HITPOINT WARNING * * *
The hobgoblin hits you.
* * * LOW HITPOINT WARNING * * *
Terence barely misses you. The hobgoblin closely misses you.
Terence closely misses you. The hobgoblin hits you.
* * * LOW HITPOINT WARNING * * *
Terence hits you with a +0 mace!
You die...
Terence says, "That felt goooood."

#.# # ..# #
.#####.#####.#
# .......#.....
#. #.....$.....
#..#..#!......>
#..^..g@<......
#....<.@.#
#.$..##..#
#.... ..$#
#.#.#.#.## #
......# ##..
..# ### ###


You could see Terence and a hobgoblin.

Vanquished Creatures
  A dart slug (D:1)
  A ball python (D:1)
  A hobgoblin (D:1)
  A kobold (D:1)
  3 rats (D:1)
7 creatures vanquished.

Vanquished Creatures (others)
  11 foxfires (D:1)
11 creatures vanquished.

Grand Total: 18 creatures vanquished

Notes
Turn   | Place    | Note
-------+----------+-------------------------------------------
     0 | D:1      | Atlas the Demonspawn Fire Elementalist began the quest for
                  | the Orb.
     0 | D:1      | Reached XP level 1. HP: 13/13 MP: 3/3
    86 | D:1      | Reached skill level 3 in Fire Magic
   140 | D:1      | Gained mutation: You have a pair of small horns on your
                  | head. [demonic ancestry]
   140 | D:1      | Reached XP level 2. HP: 18/19 MP: 1/5
   210 | D:2      | Noticed Terence
   216 | D:2      | Mangled by Terence

Illustrated notes

Levels and vault maps discovered:
D:1:      dreamdust_arrival_sigmund_warning, layout_basic,
          ebering_ecumenical_altar_sacrificial, st_stairs_10, amethyst_killhole,
          hangedman_decor_lopped, minmay_misc_feat_enclosed
D:2:      layout_loops_cross, minmay_shallow_snake_nest, uniq_terence

Skill      XL: |  1 |
---------------+----+-----
Fire Magic     | 3 |  3.1
Dodging        | |  1.7
Stealth        | |  1.8
Spellcasting   | |  2.0
Conjurations   | |  1.0

Action                     || total
---------------------------++-------
  Melee: Unarmed           ||     7
         Dagger            ||     5
   Cast: Foxfire           ||     8
 Armour: Robe              ||     3
         Leather armour    ||    20
  Dodge: Dodged            ||    26

Table legend: (Time is in decaauts)
 A = Elapsed time spent in this place.
 B = Non-inter-level travel time spent in this place.
 C = Inter-level travel time spent in this place.
 D = Time resting spent in this place.
 E = Time spent auto-exploring this place.
 F = Levels seen in this place.
 G = Mean time per level.
                   A        B        C        D        E       F      G
               +--------+--------+--------+--------+--------+-----+--------+
         Total |    215 |    215 |      0 |      0 |     82 |   2 |  107.5 |
       Dungeon |    215 |    215 |      0 |      0 |     82 |   2 |  107.5 |
               +--------+--------+--------+--------+--------+-----+--------+

Top non-repeatable levels by time:
     D:1: 209 daAuts
     D:2: 5 daAuts
